 Dungeon Crawl Stone Soup version 0.29.1-15-g9cfb28693d (webtiles) character file.

Game seed: 6786086569903708674

177 leafyfresh the Sneak (level 5, 0/38 HPs)
             Began as an Octopode Delver on Mar 5, 2023.
             Succumbed to a scorpion's poison
             ... on level 4 of the Dungeon.
             The game lasted 00:01:49 (456 turns).

leafyfresh the Sneak (Octopode Delver)               Turns: 456, Time: 00:01:49

Health: 0/38       AC:  1    Str: 12    XL:     5   Next: 57%
Magic:  5/5        EV: 14    Int: 18    God:
Gold:   10         SH:  0    Dex: 13    Spells: 4/4 levels left

rFire   . . .      SeeInvis .   h - +8 whip of Dumunudun {spect, Int+4}
rCold   . . .      Faith    .   (no shield)
rNeg    . . .      Spirit   .   (helmet restricted)
rPois   .          Reflect  .   (no amulet)
rElec   .          Harm     .   (no ring)
rCorr   .          Rampage  .   (no ring)
Will    .....                   (no ring)
Stlth   +++++.....              (no ring)
HPRegen 0.12/turn               (no ring)
MPRegen 0.09/turn               (no ring)
                                (no ring)
                                (no ring)

@: lethally poisoned (0 -> -9)
A: almost no armour, amphibious, 8 rings, camouflage 1, gelatinous body 1,
(nimble swimmer 1), tentacles
a: no special abilities


You were on level 4 of the Dungeon.
You visited 1 branch of the dungeon, and saw 2 of its levels.

You collected 10 gold pieces.

Inventory:

Hand Weapons
 a - a +0 short sword
 h - the +8 whip of Dumunudun (weapon) {spect, Int+4}
   (You found it on level 5 of the Dungeon)

   When its wielder attacks, the weapon's spirit leaps out and strikes again.
   The spirit shares a part of any damage it takes with its wielder.
   Int:       It affects your intelligence (+4).
Wands
 f - a wand of digging (3)
 i - a wand of flame (19)
Scrolls
 b - a scroll of fog
 c - a scroll of magic mapping
 d - a scroll of fear
Potions
 e - a potion of haste


   Skills:
 + Level 4.3 Fighting
 - Level 2.0 Short Blades
 + Level 1.4 Maces & Flails
 - Level 3.2 Dodging
 - Level 7.6 Stealth


You had 4 spell levels left.
You didn't know any spells.
Your spell library was empty.

Dungeon Overview and Level Annotations

Branches:
Dungeon (5/15)
 Temple: D:4-7

Altars:
Zin

Shops:
D:5 [


Innate Abilities, Weirdness & Mutations

You cannot wear most types of armour.
You are amphibious.
You can wear up to eight rings at the same time.
Your skin changes colour to match your surroundings (Stealth+).
Your rubbery body absorbs attacks. (AC +1, EV +1)
((You are camouflaged when in or above water. (Stealth+)))
You have tentacles for arms and can constrict up to eight enemies at once.


Message History

You feel sick. The scorpion barely misses you.
You hit the scorpion. Your grab misses the scorpion.
The scorpion is heavily wounded.
You feel sick. The scorpion stings you.
You are more poisoned.
The scorpion poisons you!
You barely miss the scorpion. You grab the scorpion. You squeeze the scorpion.
The scorpion is heavily wounded.
You constrict the scorpion, but do no damage.
You feel very sick. The scorpion barely misses you. The scorpion stings you.
You are lethally poisoned!
The scorpion poisons you!
You hit the scorpion.
The scorpion is severely wounded.
You constrict the scorpion, but do no damage.
* * * LOW HITPOINT WARNING * * *
You feel very sick. The scorpion completely misses you.
Unknown command.
You feel clever.
You feel a bond with the +8 whip of Dumunudun {spect, Int+4}.
h - the +8 whip of Dumunudun (weapon)
{spect, Int+4} You constrict the scorpion, but do no damage.
* * * LOW HITPOINT WARNING * * *
You feel sick.
Unknown command.
You hit the scorpion but do no damage.
The scorpion is severely wounded.
Your +8 whip of Dumunudun {spect, Int+4} hits the scorpion.
You kill the scorpion!
* * * LOW HITPOINT WARNING * * *
You feel very sick.
Your Maces & Flails skill increases to level 1!
As you read the scroll labelled MUM SECSIUWU, it crumbles to dust.
It is a scroll of amnesia.
You feel forgetful for a moment.
* * * LOW HITPOINT WARNING * * *
You feel sick.
You die...

####...........h********
#..............,,,,,,,,,
#.....>.#*##.##*,,****,,
#.......##....#**,,***,,
#.............# **,,,,,,
#.............##******,,
#...............,,,,,,,*
#)..............,,,,,,,,
#......@##......,,*,,,**
#.....ยง.#*......,,,,,,**
#.......#**##..#,*,,,,,,
#########**,,,##,,,,,^**
*,,*,****,,,,** *,**,*
**,,<,, *,**,* **,,,,
*,**,* ****,,,,
*,**,***,,,,,,,


There were no monsters in sight!

Vanquished Creatures
  A bullfrog (D:5)
  A scorpion (D:4)
  A hound (D:5)
  An adder (D:5)
  A white imp (D:5)
  An orc (D:5)
  A kobold (D:4)
7 creatures vanquished.

Notes
Turn   | Place    | Note
-------+----------+-------------------------------------------
     0 | D:5      | leafyfresh the Octopode Delver began the quest for the Orb.
     0 | D:5      | Reached XP level 1. HP: 16/16 MP: 1/1
     4 | D:5      | Noticed a hound
    11 | D:5      | Killed a hound
    12 | D:5      | Reached skill level 7 in Stealth
    12 | D:5      | Reached XP level 2. HP: 3/21 MP: 2/2
    12 | D:5      | Reached XP level 3. HP: 4/26 MP: 3/3
   227 | D:5      | Noticed a bullfrog
   237 | D:5      | Killed a bullfrog
   238 | D:5      | Reached XP level 4. HP: 19/33 MP: 4/4
   364 | D:5      | Found a glowing silver altar of Zin.
   394 | D:5      | Noticed a black bear
   401 | D:5      | Found Ubuod's Antique Armour Shoppe.
   403 | D:5      | Reached XP level 5. HP: 37/37 MP: 5/5
   404 | D:5      | Noticed an ogre
   407 | D:5      | Identified the +8 whip of Dumunudun {spect, Int+4}
   455 | D:4      | Reached skill level 1 in Maces & Flails
   455 | D:4      | HP: 1/38 [poisoned by a scorpion]
   456 | D:4      | Succumbed to a scorpion's poison

Illustrated notes

Levels and vault maps discovered:
D:4:      layout_rooms, nicolae_dithmenos_through_a_glass_darkly,
          gup_sewer_entry_bowl, grunt_decor_junction
D:5:      layout_cave_pools, mainiacjoe_overflow_paths,
          mainiacjoe_overflow_24_doors, nicolae_overflow_hidden_temple,
          temple_pool_b, st_stairs_2, nicolae_take_the_stairs,
          minmay_fractal_squares_5, uniq_crazy_yiuf_cottage, uniq_pikel

Skill      XL: |  1  2  3  4  5 |
---------------+----------------+-----
Stealth        | 7 |  7.6
Dodging        | 3 |  3.2
Fighting       | 4 |  4.3
Maces & Flails | 1 |  1.4
Short Blades   | |  2.0

Action                   |  1- 3 |  4- 6 || total
-------------------------+-------+-------++-------
Melee: Short sword       |    13 |    11 ||    24
       Tentacles         |     4 |     2 ||     6
       Constrict         |     4 |     1 ||     5
       Punch             |     1 |       ||     1
       Whip              |       |     1 ||     1
  Use: Scroll            |       |     2 ||     2
 Stab: Sleeping          |       |     2 ||     2
Armor: Skin              |       |     1 ||     1
Dodge: Dodged            |    14 |     6 ||    20
